 Dungeon Crawl Stone Soup version 0.32-a0-132-g2d33c3cfaf (webtiles) character file.

Game seed: 10174483623715617008

107 Dittersdorf the Trooper (level 4, -1/29 HPs)
             Began as a Gargoyle Fighter on Feb 9, 2024.
             Slain by a gnoll
             ... wielding a +0 halberd
              (10 damage)
             ... on level 3 of the Dungeon.
             The game lasted 00:02:18 (1829 turns).

Dittersdorf the Trooper (Gargoyle Fighter)          Turns: 1829, Time: 00:02:19

Health: -1/29      AC: 13    Str: 27    XL:     4   Next: 85%
Magic:  4/4        EV:  9    Int:  9    God:
Gold:   31         SH:  4    Dex:  9    Spells: 3/3 levels left

rFire   . . .        a - +0 flail
rCold   . . .        c - +0 buckler
rNeg    + . .        b - +0 scale mail
rPois   ∞            (no helmet)
rElec   +            m - +0 cloak
rCorr   .            (no gloves)
SInv    .            f - +0 pair of boots
Will    .....        (no amulet) Stlth
                     o - +6 ring of strength
HPRegen 0.24/turn    (no ring)
MPRegen 0.09/turn

%: no passive effects
@: no status effects
A: sickness immunity, AC +3, negative energy resistance 1, electricity
resistance, torment resistance 1, petrification resistance
a: no special abilities


You were on level 3 of the Dungeon.
You visited 1 branch of the dungeon, and saw 3 of its levels.

You collected 31 gold pieces.

Inventory:

Hand Weapons
 a - a +0 flail (weapon)
Missiles
 q - a throwing net (quivered)
Armour
 b - a +0 scale mail (worn)
 c - a +0 buckler (worn)
 f - a +0 pair of boots (worn)
 m - a +0 cloak (worn)
Jewellery
 o - a +6 ring of strength (left hand)
Scrolls
 e - 2 scrolls of identify {unknown}
 i - a scroll of enchant weapon {unknown}
 k - a scroll of vulnerability {unknown}
 l - a scroll of butterflies {unknown}
 n - a scroll of revelation {unknown}
 p - a scroll of noise {unknown}
Potions
 d - a potion of might
 g - 2 potions of magic {unknown}
 h - 2 potions of curing {unknown}
 j - a potion of cancellation {unknown}


   Skills:
 + Level 4.1 Fighting
 + Level 2.9 Maces & Flails
 + Level 4.1 Armour
 + Level 4.1 Shields


You had 3 spell levels left.
You didn't know any spells.
Your spell library contained the following spells:

 Spells                   Type           Power      Damage    Failure   Level
 Foxfire                  Conj/Fire      0%         2x1d4     71%         1
 Plasma Beam              Fire/Air       0%         2x1d10    100%        6
 Starburst                Conj/Fire      0%         6d3       100%        6


Dungeon Overview and Level Annotations

Branches:
Dungeon (3/15)

Altars:
Wu Jian


Innate Abilities, Weirdness & Mutations

You are immune to sickness and miasma.
Your stone body is resilient. (AC +3)
You are immune to poison.
You resist negative energy. (rN+)
You are resistant to electric shocks. (rElec)
You are resistant to unholy torment.
You are immune to petrification.


Message History

You are too injured to fight recklessly!
You are too injured to fight recklessly!
You are too injured to fight recklessly!
You are too injured to fight recklessly!
You are too injured to fight recklessly!
You are too injured to fight recklessly!
You are too injured to fight recklessly!
You are too injured to fight recklessly!
You are too injured to fight recklessly!
You are too injured to fight recklessly!
You are too injured to fight recklessly!
You are too injured to fight recklessly!
The gnoll hits you but does no damage.
You see here a throwing net.
q - a throwing net The gnoll barely misses you.
The gnoll attacks as it pursues you! The gnoll hits you but does no damage.
The gnoll attacks as it pursues you! The gnoll barely misses you.
You hit the gnoll but do no damage.
The gnoll is severely wounded.
The gnoll hits you but does no damage. The gnoll barely misses you.
You hit the gnoll.
The gnoll is almost dead.
The gnoll hits you with a +0 club. The gnoll closely misses you.
You hit the gnoll.
You kill the gnoll!
The gnoll barely misses you. You block the gnoll's attack.
The gnoll misses you.
You see here a +0 club.
The gnoll hits you from afar with a +0 halberd!
* * * LOW HITPOINT WARNING * * *
The gnoll attacks as it pursues you! You block the gnoll's attack.
The gnoll attacks as it pursues you! You block the gnoll's attack.
There is an open door here.
Okay, then.
The gnoll attacks as it pursues you! The gnoll barely misses you.
The gnoll attacks as it pursues you! The gnoll barely misses you.
The gnoll attacks as it pursues you!
The gnoll hits you from afar with a +0 halberd!
You die...

#...# ... ##.##.# #.# #.### ###
#.##.# #.# #g# #.##.###.# #.#
##+## #........# #g# ##...##
####.##### ##.# ##.....## ###.#
##..# ##.......## ##.#.#
##...####......)..####....#####
#.......g.g.g.@................
##...####..........##.....#####
##.†## ##.......#.##.#.#.#
##...## ##.....##........#
###.....# ####.######.#####
#.......# ### #.# #.#....## #.#
#.##...# #.# #.###.## #.#


You could see 3 gnolls.

Vanquished Creatures
  Terence (D:2)
  2 adders
  A gnoll (D:3)
  2 dart slugs
  6 endoplasms
  A giant cockroach (D:1)
  5 goblins (D:2)
  3 hobgoblins
  4 quokkas
  5 ball pythons
  6 bats
  A frilled lizard (D:2)
  9 kobolds
  4 rats
50 creatures vanquished.

Notes
Turn   | Place    | Note
-------+----------+-------------------------------------------
     0 | D:1      | Dittersdorf the Gargoyle Fighter began the quest for the
                  | Orb.
     0 | D:1      | Reached XP level 1. HP: 14/14 MP: 1/1
   131 | D:1      | Found a faded altar of an unknown god.
   343 | D:1      | Reached XP level 2. HP: 19/19 MP: 2/2
   923 | D:2      | Reached XP level 3. HP: 23/23 MP: 3/3
   956 | D:2      | Noticed Terence
   967 | D:2      | Killed Terence
  1039 | D:2      | Reached XP level 4. HP: 29/29 MP: 4/4
  1405 | D:2      | Found an ornate altar of the Wu Jian Council.
  1829 | D:3      | Slain by a gnoll

Illustrated notes

Levels and vault maps discovered:
D:1:      amcnicky_arrival_feature_with_door, layout_basic,
          shapermc_ecumenical_altar_gd, bh_walls_and_bars
D:2:      layout_basic, basic_altar, uniq_terence
D:3:      layout_loops_corners, kennysheep_generic_room_3

Skill      XL: |  1  2  3  4 |
---------------+-------------+-----
Armour         | 4 |  4.1
Shields        | 4 |  4.1
Fighting       | 4 |  4.1
Maces & Flails | |  2.9

Action                     |  1- 3 |  4- 6 || total
---------------------------+-------+-------++-------
  Melee: Flail             |    73 |    71 ||   144
 Armour: Scale mail        |    48 |    55 ||   103
  Dodge: Dodged            |    24 |    50 ||    74
  Block: Buckler           |    16 |    19 ||    35

Table legend: (Time is in decaauts)
 A = Elapsed time spent in this place.
 B = Non-inter-level travel time spent in this place.
 C = Inter-level travel time spent in this place.
 D = Time resting spent in this place.
 E = Time spent auto-exploring this place.
 F = Levels seen in this place.
 G = Mean time per level.
                   A        B        C        D        E       F      G
               +--------+--------+--------+--------+--------+-----+--------+
         Total |   1871 |   1812 |     59 |     30 |   1387 |   3 |  623.7 |
       Dungeon |   1871 |   1812 |     59 |     30 |   1387 |   3 |  623.7 |
               +--------+--------+--------+--------+--------+-----+--------+

Top non-repeatable levels by time:
     D:1: 886 daAuts
     D:2: 798 daAuts
     D:3: 187 daAuts
